 Dungeon Crawl Stone Soup version 0.29-a0-284-gf9362112df (webtiles) character file.

Game seed: 8986380006633637375

226 mistaj the Chopper (level 5, 0/42 HPs)
             Began as a Demonspawn Fighter on Mar 22, 2022.
             Slain by a river rat (8 damage)
             ... in a sewer.
             The game lasted 00:04:35 (3258 turns).

mistaj the Chopper (Demonspawn Fighter)             Turns: 3258, Time: 00:04:36

Health: 0/42       AC:  8    Str: 18    XL:     5   Next: 69%
Magic:  5/5        EV:  9    Int:  9    God:
Gold:   120        SH:  5    Dex: 13    Spells: 4/4 levels left

rFire   . . .      SeeInvis .   a - +0 war axe
rCold   . . .      Faith    .   c - +0 buckler
rNeg    . . .      Spirit   .   b - +0 scale mail
rPois   .          Reflect  .   (no helmet)
rElec   .          Harm     .   (no cloak)
rCorr   .          Rampage  .   (no gloves)
Will    .....                   (no boots)
Stlth   ..........              (no amulet)
HPRegen 0.14/turn               (no ring)
MPRegen 0.09/turn               (no ring)

@: no status effects
A: icy blue scales 1, ignite blood 1, powered by death 1
a: no special abilities


You were in a sewer.
You visited 1 branch of the dungeon, and saw 3 of its levels.
You also visited: Sewer.

You collected 120 gold pieces.

Inventory:

Hand Weapons
 a - a +0 war axe (weapon)
Armour
 b - a +0 scale mail (worn)
 c - a +0 buckler (worn)
 o - the +0 leather armour "Wamol" {rN+ Str+3 Int-4}
   (You found it on level 3 of the Dungeon)

   Str:       It affects your strength (+3).
   Int:       It affects your intelligence (-4).
   rN:        It protects you from negative energy.
Scrolls
 e - a scroll of magic mapping {unknown}
 h - 3 scrolls of enchant weapon {unknown}
 i - a scroll of noise {unknown}
 j - 4 scrolls of identify {unknown}
 l - a scroll of teleportation {unknown}
 n - a scroll of vulnerability {unknown}
Potions
 d - a potion of might
 f - a potion of mutation {unknown}
 g - a potion of curing {unknown}
 k - 2 potions of haste {unknown}
 m - a potion of flight {unknown}
 p - a potion of magic {unknown}


   Skills:
 + Level 4.0 Fighting
 * Level 4.1 Axes
 - Level 2.6 Armour
 + Level 3.7 Shields


You had 4 spell levels left.
You didn't know any spells.
Your spell library contained the following spells:

 Spells                   Type           Power      Damage    Failure   Level
 Blink                    Tloc           0%         N/A       95%         2
 Lesser Beckoning         Tloc           0%         N/A       99%         3
 Fireball                 Conj/Fire      0%         3d3       100%        5
 Iskenderun's Battlesphe  Conj           0%         2d6       100%        5
 Manifold Assault         Tloc           0%         N/A       100%        5
 Conjure Ball Lightning   Conj/Air       0%         3x3d6     100%        6
 Orb of Destruction       Conj           0%         9d5       100%        7


Dungeon Overview and Level Annotations

Branches:
Dungeon (3/15)              Sewer (1/1)

Altars:
Zin

Shops:
D:2 =


Innate Abilities, Weirdness & Mutations

You are partially covered in icy blue scales. (AC +2)
Your demonic aura sometimes causes spilled blood to erupt in flames.
You regenerate a little health from kills.


Message History

You hit the river rat.
The river rat is moderately wounded.
You slash the plant!
A nearby plant withers and dies.
The river rat barely misses you. The river rat bites you.
You barely miss the river rat.
The river rat is moderately wounded.
The river rat closely misses you.
You barely miss the river rat.
The river rat is moderately wounded.
The river rat bites you but does no damage.
You hit the river rat but do no damage.
The river rat is moderately wounded.
You block the river rat's attack.
You closely miss the river rat.
The river rat is moderately wounded.
The river rat bites you.
* * * LOW HITPOINT WARNING * * *
The river rat twitches its whiskers.
The river rat bites you.
* * * LOW HITPOINT WARNING * * *
The river rat attacks as you move away!
The river rat bites you but does no damage.
A ball python comes into view.
The ball python hisses angrily.
You slash the ball python!
You kill the ball python!
You closely miss the river rat.
The river rat bites you but does no damage.
You enter the shallow water.
Moving in this stuff is going to be slow.
The river rat bites you but does no damage.
You enter the shallow water.
Moving in this stuff is going to be slow.
You enter the shallow water.
Moving in this stuff is going to be slow.
The river rat closely misses you. The river rat closely misses you.
You see here a rat skeleton.
The river rat bites you!
You die...

.....≈.≈..≈≈.≈.#
≈#...≈.≈.....≈.######
†#..≈≈.≈...≈..≈≈≈≈≈≈≈
≈#.#########.≈≈##### ###
≈#.≈≈≈≈≈≈≈≈÷....## #≈###..
≈#≈####.####..≈..# #≈##..
≈#.# ##.#≈#..≈≈≈.#
#≈##P###### ≈###
#.##≈#.≈..≈r# #≈#..≈)≈≈≈#
≈#
###≈#≈######@####≈#.P######
≈#
#.≈.#≈#≈≈≈≈÷≈≈.##≈#....≈≈≈#
≈#
##≈≈#≈######≈≈≈.#≈#.∩.≈≈≈≈#
≈#
#≈##†#≈≈≈.≈...≈#≈#.∩.≈≈≈##
####≈#.≈≈....≈≈#≈#...≈≈≈#
###≈#P.≈...≈≈......≈≈≈##
#..≈....≈≈.#.≈.....≈≈≈#
#.....P..###.......####
########## #########


You could see a river rat.

Vanquished Creatures
  A kobold brigand (Sewer)
  Natasha (D:2)
  2 gnolls (D:2)
  An adder (Sewer)
  4 river rats (Sewer)
  A worm (D:2)
  2 dart slugs
  An orc (D:3)
  6 ball pythons
  An endoplasm (D:2)
  3 giant cockroaches
  3 goblins
  6 hobgoblins
  4 jackals
  4 kobolds
  8 quokkas
  2 bats (D:2)
  6 frilled lizards
  5 rats
61 creatures vanquished.

Vanquished Creatures (others)
  33 plants
33 creatures vanquished.

Grand Total: 94 creatures vanquished

Notes
Turn   | Place    | Note
-------+----------+-------------------------------------------
     0 | D:1      | mistaj the Demonspawn Fighter began the quest for the Orb.
     0 | D:1      | Reached XP level 1. HP: 18/18 MP: 1/1
   292 | D:1      | Gained mutation: Your demonic aura sometimes causes spilled
                  | blood to erupt in flames. [demonic ancestry]
   292 | D:1      | Reached XP level 2. HP: 22/24 MP: 2/2
  1282 | D:2      | Reached XP level 3. HP: 23/29 MP: 3/3
  1472 | D:2      | Noticed Natasha
  1481 | D:2      | Killed Natasha
  1482 | D:2      | Gained mutation: You regenerate a little health from kills.
                  | [demonic ancestry]
  1482 | D:2      | Reached XP level 4. HP: 8/35 MP: 4/4
  2010 | D:2      | Found Deirch's Jewellery Shop.
  2318 | D:3      | Identified the +0 leather armour "Wamol" {rN+ Str+3 Int-4}
  2387 | D:3      | Found a glowing drain.
  2391 | Sewer    | Entered a sewer
  2430 | Sewer    | Noticed a kobold brigand
  2465 | Sewer    | Killed a kobold brigand
  2466 | Sewer    | Gained mutation: You are partially covered in icy blue
                  | scales. (AC +2) [demonic ancestry]
  2466 | Sewer    | Reached XP level 5. HP: 24/42 MP: 5/5
  3258 | Sewer    | Slain by a river rat

Illustrated notes

Levels and vault maps discovered:
D:1:      dpeg_arrival_shelter, layout_basic
D:2:      wad_woods_tower, layout_basic, serial_shops, nicolae_square_shop,
          basic_altar, uniq_natasha
D:3:      layout_loops_ring, nicolae_hepliaklqana_monster_ancestors,
          general_overflow_altar, nicolae_overflow_hidden_temple,
          gammafunk_ghost_mausoleum, gup_sewer_entry_bowl,
          minmay_misc_feat_doors
Sewer:    sewer_co_scattered_pipes

Skill      XL: |  1  2  3  4  5 |
---------------+----------------+-----
Axes           | 2 3 4 |  4.1
Shields        | 3 |  3.7
Fighting       | 4 |  4.0
Armour         | |  2.6

Action                   |  1- 3 |  4- 6 || total
-------------------------+-------+-------++-------
Melee: War axe           |    81 |   190 ||   271
  Use: Potion            |       |     1 ||     1
Armor: Scale mail        |    35 |    82 ||   117
Dodge: Dodged            |    35 |    89 ||   124
Block: Buckler           |    18 |    45 ||    63

Table legend: (Time is in decaauts)
 A = Elapsed time spent in this place.
 B = Non-inter-level travel time spent in this place.
 C = Inter-level travel time spent in this place.
 D = Time resting spent in this place.
 E = Time spent auto-exploring this place.
 F = Levels seen in this place.
 G = Mean time per level.
                   A        B        C        D        E       F      G
               +--------+--------+--------+--------+--------+-----+--------+
         Total |   3415 |   3345 |     70 |   1094 |   1431 |   4 |  853.8 |
       Dungeon |   2447 |   2377 |     70 |    531 |   1405 |   3 |  815.7 |
         Sewer |    968 |    968 |      0 |    563 |     26 |   1 |  968.0 |
               +--------+--------+--------+--------+--------+-----+--------+

Top non-repeatable levels by time:
     D:1: 1226 daAuts
     D:2: 1105 daAuts
   Sewer: 968 daAuts
     D:3: 115 daAuts
